AoeStats
← waltersfs97

Black Forest

510017249Analyzed
2v2 RM · 2d ago on Sep 29, 2026· 58m 59s· 4 players
Game mode
Random Map
Map size
Medium (4 player)
Population
200
Speed
Normal
Resources
Standard
Victory
Conquest
Starting age
Dark Age
Ending age
Imperial Age
RankedLock teamsTeams togetherTeam positionsShared explorationLock speedFull tech treeHidden civsTurbo modeCheats
Victory
Defeat
🇬🇧 Persians · United Kingdom
1229
+14
🇺🇸 Danes · United States
1207
+15
🇨🇴 Bohemians · Colombia
1259
-18
🇨🇴 Malay · Colombia
1102
-11
waltersfs97
11:42 Feudal Age
12:13 Double-Bit Axe
12:20 Fishing Lines
13:48 Loom
13:50 Town Watch
20:30 Castle Age
21:01 Gillnets
22:07 Bow Saw
26:10 Horse Collar
29:49 Imperial Age
27:30 Scale Mail Armor
27:25 Gold Mining
28:29 Heavy Plow
29:22 Chain Mail Armor
30:06 Wheelbarrow
29:17 Town Watch
29:26 Man-at-Arms
29:52 Gambesons
30:07 Squires
29:53 Arson
31:04 Hand Cart
30:21 Long Swordsman
30:35 Capped Ram
32:08 Plate Mail Armor
31:48 Forging
31:37 Two-Handed Swordsman
32:13 Siege Ram
33:00 Champion
34:53 Iron Casting
34:39 Heavy Scorpion
36:02 Ballistics
36:29 Siege Engineers
37:27 Chemistry
40:26 Blast Furnace
40:37 Northmen's Fury
41:39 Conscription
41:55 Elite Jomsviking
43:00 Hamask
47:49 Onager
50:06 Town Patrol
49:33 Siege Onager
52:13 Stone Mining
53:00 Gold Shaft Mining
52:19 Arrowslits
52:44 Masonry
52:30 Murder Holes
52:25 Guard Tower
52:46 Careening
52:47 Clinker Construction
52:57 Shipwright
52:27 Heated Shot
53:18 Hoardings
53:22 Scale Barding Armor
53:07 Fletching
53:18 Padded Archer Armor
55:40 Stone Shaft Mining
Bubbs
1:22 Loom
21:50 Feudal Age
52:59 Wheelbarrow
52:10 Town Watch
53:37 Horse Collar
57:04 Fletching
60:30 Castle Age
Saul carvajal 9
0:54 Loom
21:39 Feudal Age
27:51 Wheelbarrow
31:53 Castle Age
48:53 Wheelbarrow
50:00 Hand Cart
53:31 Imperial Age
53:49 Town Watch
55:41 Chemistry
55:04 Double-Bit Axe
55:03 Horse Collar
Prixmastx
12:25 Feudal Age
13:29 Double-Bit Axe
13:26 Horse Collar
16:15 Castle Age
14:30 Loom
16:56 Wheelbarrow
15:44 Man-at-Arms
18:48 Loom
22:11 Forging
25:14 Chemistry
24:56 Bow Saw
27:19 Heavy Plow
33:32 Imperial Age
31:25 Pikeman
32:06 Scale Mail Armor
34:37 Chain Mail Armor
34:25 Squires
35:02 Iron Casting
35:36 Halberdier
36:53 Conscription
36:40 Wagenburg Tactics
39:21 Blast Furnace
41:04 Fletching
Connection lost

Rejoining the realm…

Still unreachable

The connection could not be restored.

Session expired

The server has moved on; the page needs a fresh start.